cohdb
Replays
Latest Replays
All Replays
Popular Replays
Top Player Replays
Match Explorer
How It Works
Community
CoH3 Stats
Reddit
Sign in to upload your games and track your stats! →
Sign in with Steam
Match 42507719
Unlisted
Match 42507719
Overview
Messages
Build Orders
End
Scout Squad
Construct Barracks
Riflemen Squad
Riflemen Squad
Grenade Package
Riflemen Squad
Selects Heavy Weapons
Selects M2HB .50cal Heavy Machine Gun
Construct Medical Station
Construct Weapon Support Center
Infantry Support Center
toto
Nubbl0r
0
0
Comments
sign in to comment!
No comments posted yet!